[Event "Titled Tuesday Blitz May 24 Late 2022"]
[White "Carrasco Miranda, Andres"]
[Black "Przybylski, Wojciech"]
[WhiteFideId "3405990"]
[BlackFideId "1117599"]
[WhiteElo "2177"]
[BlackElo "2133"]
[Result "0-1"]
[Round "11"]
[TimeControl "180+1"]
[Date "2022.05.25"]
[WhiteClock "0:00:02"]
[BlackClock "0:00:07"]

1. d4 Nf6 2. c4 e6 3. g3 d5 4. Bg2 Be7 5. Nf3 O-O 6. O-O Nbd7 7. Nbd2 Re8 8. Qc2 b6 9. cxd5 exd5 10. Ne5 Bb7 11. Nc6 Bxc6 12. Qxc6 Nf8 13. Nf3 Ne6 14. Be3 Rc8 15. a4 a5 16. Rac1 Bd6 17. Rfd1 Bb4 18. Ne5 Qd6 19. Nd3 Qxc6 20. Rxc6 Bd6 21. Bh3 Rb8 22. Nf4 Nd8 23. Rc2 b5 24. axb5 Rxb5 25. Rdc1 Ne6 26. Bg2 Reb8 27. Nxe6 fxe6 28. Bh3 Kf7 29. Bf4 Ne8 30. Bxd6 cxd6 31. Rc6 Rxb2 32. e3 Ra8 33. Rc8 Rbb8 34. Rxb8 Rxb8 35. Ra1 Ra8 36. Ra4 Nf6 37. Bf1 Nd7 38. Bb5 Nb6 39. Ra1 Ke7 40. Kf1 a4 41. Ke2 Ra5 42. Bd3 a3 43. Bxh7 e5 44. Bd3 e4 45. Bb1 Rb5 46. Ba2 Rb2+ 47. Kf1 Na4 48. Bxd5 Nc3 49. Rxa3 Nxd5 50. Ra7+ Kf6 51. Rd7 Rb1+ 52. Kg2 Rb6 53. h3 Ne7 54. Ra7 g5 55. g4 Rb2 56. Kg3 Nd5 57. Ra6 Ke6 58. f3 Nxe3 59. fxe4 Nf1+ 60. Kf3 Rb3+ 61. Ke2 Ng3+ 62. Kd2 Nxe4+ 63. Kc2 Rxh3 64. Ra5 Rg3 65. Rf5 Rxg4 66. Rf8 Kd5 67. Kd3 Rg3+ 68. Ke2 Kxd4 69. Rd8 Rg2+ 70. Kf1 Rf2+ 71. Ke1 d5 72. Re8 g4 73. Ra8 g3 74. Ra4+ Ke5 75. Ra3 Rb2 76. Kf1 Rc2 77. Kg1 Rd2 78. Rb3 Ra2 79. Rb8 Kf4 80. Rf8+ Ke3 81. Rg8 d4 82. Rd8 Rb2 83. Rd7 Rb1+ 84. Kg2 Rb2+ 85. Kg1 d3 86. Rd8 Rc2 87. Kf1 Rd2 88. Kg1 Re2 89. Kf1 Rf2+ 90. Kg1 Ra2 91. Kf1 Rb2 92. Kg1 d2 93. Kg2 d1=Q+ 94. Kh3 Qh5# 0-1


[Site "https://www.chess.com"]

[Event "Titled Tuesday Blitz May 24 Late 2022"]
[White "Csonka, Balazs"]
[Black "Adewumi, Tanitoluwa"]
[WhiteFideId "742910"]
[BlackFideId "30966396"]
[WhiteElo "2404"]
[BlackElo "2527"]
[Result "1-0"]
[Round "11"]
[TimeControl "180+1"]
[Date "2022.05.24"]
[WhiteClock "0:00:24"]
[BlackClock "0:00:01"]

1. e4 c5 2. Nf3 e6 3. d4 cxd4 4. Nxd4 Nc6 5. Nc3 Qc7 6. Qd3 Nf6 7. Ndb5 Qb8 8. Qg3 a6 9. Nc7+ Kd8 10. Nxa8 Qxa8 11. e5 Nd5 12. Nxd5 exd5 13. Bg5+ Kc7 14. Bf4 d6 15. exd6+ Kd8 16. O-O-O Be6 17. Be2 Qc8 18. Qb3 b5 19. Bf3 d4 20. Bd5 Na5 21. Qf3 Bg4 22. Bg5+ f6 23. Bxf6+ gxf6 24. Qxf6+ Kd7 25. Rxd4 h5 26. Re1 Bh6+ 27. Kb1 Qd8 28. Re7+ Kc8 29. d7+ Kb8 30. Qxa6 Nb7 31. Qxb7# 1-0


[Site "https://www.chess.com"]

[Event "Titled Tuesday Blitz May 24 Late 2022"]
[White "Dahlgren, James Allen"]
[Black "Lutz, Igor Oscar"]
[WhiteFideId "22256873"]
[BlackFideId "2110806"]
[WhiteElo "2063"]
[BlackElo "1743"]
[Result "0-1"]
[Round "11"]
[TimeControl "180+1"]
[Date "2022.05.25"]
[WhiteClock "0:00:10"]
[BlackClock "0:00:06"]

1. d3 d5 2. f4 c5 3. Nf3 Nc6 4. g3 Nf6 5. Bg2 d4 6. O-O Qc7 7. h3 e5 8. e4 dxe3 9. Bxe3 Bd6 10. Nc3 a6 11. Ng5 O-O 12. f5 b5 13. g4 Bb7 14. Nce4 Nxe4 15. Nxe4 Nd4 16. g5 Bxe4 17. Bxe4 f6 18. g6 h6 19. Bxa8 Rxa8 20. c3 Nc6 21. Qf3 Re8 22. Qd5+ Kh8 23. Bxc5 Bxc5+ 24. Qxc5 e4 25. Rf2 exd3 26. Rd1 Qg3+ 27. Rg2 Re1+ 28. Rxe1 Qxe1+ 29. Kh2 Qe8 30. Rd2 Ne5 31. a4 Nf3+ 32. Kg3 Nxd2 33. axb5 Ne4+ 34. Kf4 Nxc5 0-1


[Site "https://www.chess.com"]

[Event "Titled Tuesday Blitz May 24 Late 2022"]
[White "Diaz Rosas, Julio Cesar"]
[Black "Bryakin, Mikhail"]
[WhiteFideId "5105099"]
[BlackFideId "4165314"]
[WhiteElo "2278"]
[BlackElo "2417"]
[Result "1-0"]
[Round "11"]
[TimeControl "180+1"]
[Date "2022.05.24"]
[WhiteClock "0:00:23"]
[BlackClock "0:00:01"]

1. d4 Nf6 2. Nc3 c5 3. d5 e5 4. e4 d6 5. Nge2 g6 6. Ng3 Bg7 7. h4 h5 8. Bg5 O-O 9. Qd2 a6 10. a4 b6 11. Be2 Qc7 12. Bh6 Ne8 13. Bxg7 Nxg7 14. f4 exf4 15. Qxf4 Nd7 16. Kd2 Ne5 17. Raf1 Qe7 18. Qh6 Bd7 19. Rf4 b5 20. Rhf1 b4 21. Nd1 f6 22. Ne3 Bxa4 23. Nh1 Bd7 24. g4 Nf7 25. Qxg6 Ne5 26. Qh6 c4 27. gxh5 c3+ 28. bxc3 bxc3+ 29. Ke1 Nf7 30. Qg6 Ne5 31. Qh6 Nf7 32. Qxf6 Qxf6 33. Rxf6 Ne5 34. Rxd6 Rxf1+ 35. Kxf1 a5 36. Nc4 Ne8 37. Rb6 Nf7 38. e5 Bf5 39. e6 Nd8 40. Ne3 Bh3+ 41. Kf2 a4 42. Bc4 a3 43. Ba2 Nf6 44. Ng3 Kf8 45. Kf3 Nxd5 46. Bxd5 a2 47. Bxa2 Rxa2 48. Ngf5 Ke8 49. Kf4 Bxf5 50. Kxf5 Ra5+ 51. Kf6 Rxh5 52. Nf5 Rh8 53. Ng7+ Kf8 54. e7+ 1-0


[Site "https://www.chess.com"]

[Event "Titled Tuesday Blitz May 24 Late 2022"]
[White "Domingo Nunez, Ruben"]
[Black "Griffith, Kyron"]
[WhiteFideId "22245570"]
[BlackFideId "2046318"]
[WhiteElo "2376"]
[BlackElo "2232"]
[Result "0-1"]
[Round "11"]
[TimeControl "180+1"]
[Date "2022.05.24"]
[WhiteClock "0:00:03"]
[BlackClock "0:00:17"]

1. c4 Nf6 2. Nc3 c5 3. g3 e6 4. Bg2 d5 5. cxd5 exd5 6. d4 cxd4 7. Qxd4 Nc6 8. Qa4 Be6 9. Nf3 Bc5 10. Bg5 O-O 11. O-O h6 12. Bxf6 Qxf6 13. Rfd1 Rfd8 14. Rac1 Bb6 15. Qb5 Rac8 16. Na4 Nd4 17. Nxd4 Rxc1 18. Rxc1 Bxd4 19. e3 Be5 20. Qxb7 d4 21. Qxa7 d3 22. Qa5 Bxa2 23. f4 Bd6 24. Nc3 Bb3 25. Qb6 d2 26. Ra1 Bxf4 27. Qxb3 Bxe3+ 28. Kh1 Bd4 29. Rd1 Bxc3 30. Qxc3 Qf2 0-1


[Site "https://www.chess.com"]

[Event "Titled Tuesday Blitz May 24 Late 2022"]
[White "Eswaran, Ashritha"]
[Black "Curtis, John"]
[WhiteFideId "2080788"]
[BlackFideId "3200256"]
[WhiteElo "2331"]
[BlackElo "2203"]
[Result "1-0"]
[Round "11"]
[TimeControl "180+1"]
[Date "2022.05.25"]
[WhiteClock "0:01:02"]
[BlackClock "0:00:02"]

1. e4 c5 2. Nf3 e6 3. d4 cxd4 4. Nxd4 Nc6 5. Nc3 Nf6 6. Be3 Bb4 7. f3 d5 8. Nxc6 bxc6 9. exd5 cxd5 10. Bb5+ Bd7 11. Bxd7+ Nxd7 12. O-O Bxc3 13. bxc3 O-O 14. Qd4 Nb6 15. Bf2 Qc7 16. Qg4 Nc4 17. Rad1 Qc6 18. Kh1 f6 19. Rfe1 Rfe8 20. f4 a5 21. Rd3 Ra6 22. Rg3 Qd7 23. Bd4 Qf7 24. Rf1 Rc6 25. Qh4 Rf8 26. Rh3 Qg6 27. Qf2 Nd6 28. Qe2 Ne4 29. Re3 h5 30. Kg1 Rfc8 31. Qf3 Rf8 32. Rb1 e5 33. Ba7 Rf7 34. Bb8 Nd2 35. Qxd5 Nxb1 36. Qxc6 Qxc2 37. Qe8+ Rf8 38. Qe6+ Kh8 39. Bd6 Qd1+ 40. Kf2 Rg8 41. Qb3 Qxd6 42. Qxb1 exf4 43. Rh3 g6 44. Rd3 Qc5+ 45. Kf1 Re8 46. Qd1 Qe5 47. c4 Qe4 48. Rd8 Qxc4+ 49. Kg1 Rxd8 50. Qxd8+ Kg7 51. Qxa5 Qd4+ 52. Kf1 Qd3+ 53. Kf2 Qe3+ 54. Kf1 g5 55. a4 Kg6 56. Qb5 g4 57. a5 f3 58. gxf3 gxf3 59. Qb1+ Kg5 60. Qb5+ f5 61. Qb2 Qd3+ 62. Kf2 1-0


[Site "https://www.chess.com"]

[Event "Titled Tuesday Blitz May 24 Late 2022"]
[White "Francisco Guecamburu, Candela Be"]
[Black "Wieczorek, Oskar"]
[WhiteFideId "160911"]
[BlackFideId "1133950"]
[WhiteElo "1847"]
[BlackElo "2330"]
[Result "1-0"]
[Round "11"]
[TimeControl "180+1"]
[Date "2022.05.24"]
[WhiteClock "0:00:19"]
[BlackClock "0:00:11"]

1. e4 c5 2. Nf3 e6 3. d4 cxd4 4. Nxd4 Nf6 5. Bd3 d6 6. c4 Nc6 7. Nxc6 bxc6 8. Nc3 e5 9. O-O Be7 10. h3 O-O 11. Be3 Be6 12. Qe2 d5 13. cxd5 cxd5 14. exd5 Nxd5 15. Nxd5 Qxd5 16. b3 Qb7 17. Rac1 Bd5 18. f4 exf4 19. Bxf4 Ba3 20. Rc7 Qb6+ 21. Kh1 Rae8 22. Bxh7+ Kxh7 23. Qh5+ Kg8 24. Qxd5 Re2 25. Bg3 Qg6 26. Qf3 Re6 27. Rc4 Rf6 28. Rf4 Rxf4 29. Bxf4 Qc2 30. Qf2 Qd3 31. Qf3 Qc2 32. Qf2 Qd3 33. Qf3 Qb5 34. Be3 a5 35. Bd4 Bb4 36. Rf2 Qd7 37. Bb2 Re8 38. Rf1 f6 39. a3 Bf8 40. b4 axb4 41. axb4 Qb5 42. Qb3+ Kh8 43. Rd1 Qxb4 44. Qxb4 Bxb4 45. Rd4 Bc5 46. Rd1 Re2 47. Bd4 Bf8 48. Rf1 Kg8 49. Rf2 Re1+ 50. Kh2 Kf7 51. Rc2 Bd6+ 52. g3 g5 53. Kg2 Ke6 54. Bf2 Rb1 55. Kf3 Rb3+ 56. Kg2 Be5 57. Re2 Kd5 58. Rd2+ Ke6 59. Re2 Ra3 60. Rd2 Kf7 61. Re2 Ke6 62. g4 Kf7 63. Rd2 Bf4 64. Re2 Kg6 65. Rc2 Ra6 66. Re2 f5 67. gxf5+ Kxf5 68. Rb2 Be5 69. Re2 Ra4 70. Rd2 Bf4 71. Re2 Rc4 72. Ra2 Kg6 73. Ra6+ Kh5 74. Ra2 Re4 75. Rc2 Re8 76. Rb2 Rc8 77. Ra2 Be5 78. Re2 Bf6 79. Rd2 Kg6 80. Re2 Kf5 81. Rd2 Be5 82. Re2 Bf4 83. Rc2 Ke4 84. Ra2 Rc4 85. Re2+ Kd3 86. Ra2 Bd2 87. Ra3+ Ke4 88. Ra8 Bf4 89. Re8+ Kf5 90. Rf8+ Ke6 91. Re8+ Kf5 92. Re2 Be5 93. Rd2 Ke4 94. Re2+ Kf5 95. Rd2 Bc3 96. Rc2 Ke4 97. Be1 Kd3 98. Rxc3+ Rxc3 99. Bxc3 Kxc3 100. Kg3 Kd4 101. Kg4 Kd5 102. Kxg5 Ke6 103. Kg6 Ke7 104. Kg7 1-0


[Site "https://www.chess.com"]

[Event "Titled Tuesday Blitz May 24 Late 2022"]
[White "Galiana Fernandez, Adrian"]
[Black "Malka, Samuel"]
[WhiteFideId "32010150"]
[BlackFideId "20643675"]
[WhiteElo "2133"]
[BlackElo "2471"]
[Result "1/2-1/2"]
[Round "11"]
[TimeControl "180+1"]
[Date "2022.05.25"]
[WhiteClock "0:00:06"]
[BlackClock "0:00:20"]

1. Nf3 d5 2. g3 Nf6 3. Bg2 c6 4. O-O Bg4 5. h3 Bh5 6. d4 e6 7. c4 dxc4 8. Qc2 Be7 9. Qxc4 O-O 10. Nc3 Nbd7 11. Rd1 Rc8 12. Bf4 Nd5 13. Bd2 N7b6 14. Qb3 c5 15. dxc5 Bxc5 16. g4 Bg6 17. Ne5 Nxc3 18. Bxc3 Qe7 19. Rac1 Rfd8 20. Nxg6 hxg6 21. Rxd8+ Rxd8 22. Rd1 Rc8 23. e3 Qc7 24. a4 Rb8 25. a5 Nd7 26. Qb5 Nf6 27. Rc1 a6 28. Qc4 Nd7 29. b4 b5 30. axb6 Bxb6 31. Qxa6 Qd6 32. Qe2 Rc8 33. Bd2 Rxc1+ 34. Bxc1 Qxb4 35. Bd2 Qb1+ 36. Kh2 Bc7+ 37. f4 Qb6 38. Kh1 Qd6 39. Bc3 g5 40. Qd2 gxf4 41. exf4 Qxf4 42. Qxf4 Bxf4 43. Bc6 Ne5 44. Bxe5 Bxe5 45. Kg2 g6 46. Kf3 Kg7 47. Ba4 Bf6 48. Bb3 Bg5 49. Bc4 Kf6 50. Bb3 Ke5 51. Ba4 f5 52. Be8 Kf6 53. gxf5 gxf5 54. Ba4 Bh4 55. Bc2 e5 56. Bb1 e4+ 57. Bxe4 fxe4+ 58. Kxe4 Kg5 59. Kf3 Kf5 60. Ke2 Kf4 61. Kd3 Kg3 62. Kc4 Kxh3 1/2-1/2


[Site "https://www.chess.com"]

[Event "Titled Tuesday Blitz May 24 Late 2022"]
[White "Gomez Dieguez, David"]
[Black "Zherebtsova, Alexandra"]
[WhiteFideId "22223630"]
[BlackFideId "24129518"]
[WhiteElo "2115"]
[BlackElo "2025"]
[Result "0-1"]
[Round "11"]
[TimeControl "180+1"]
[Date "2022.05.25"]
[WhiteClock "0:00:18"]
[BlackClock "0:00:09"]

1. c4 e5 2. Nc3 f5 3. d4 e4 4. g3 Nf6 5. Bg5 h6 6. Bxf6 Qxf6 7. h4 g6 8. Nh3 c6 9. Nf4 Bg7 10. e3 d6 11. Qb3 Nd7 12. Be2 Nb6 13. a4 Qf7 14. a5 Nd7 15. a6 bxa6 16. Qa3 Bf8 17. Qa4 Bb7 18. O-O Be7 19. Qd1 Nf6 20. Ra5 Bd8 21. Ra4 g5 22. Ng2 O-O 23. Qb3 Rb8 24. Qa3 Bc7 25. d5 c5 26. Ra1 Nd7 27. hxg5 hxg5 28. b3 Ne5 29. Qc1 Kg7 30. Qd1 Rh8 31. Ne1 Qg6 32. Bf1 Qh6 33. Bg2 g4 34. Kf1 Nf3 35. Ke2 Qf6 36. Qc2 Qe5 37. Rd1 Bd8 38. Na2 Bf6 39. Rc1 Rh2 40. Bxf3 gxf3+ 41. Kd1 Rh1 42. Kd2 Rbh8 43. b4 R8h2 44. Kd1 Rg1 45. bxc5 dxc5 46. Ra3 Rhh1 47. Qd2 Rxe1+ 48. Qxe1 Rxe1+ 49. Kxe1 Qb2 50. Rcc3 Qe2# 0-1


[Site "https://www.chess.com"]

[Event "Titled Tuesday Blitz May 24 Late 2022"]
[White "Gong, Patrick"]
[Black "Moral Garcia, Serafin"]
[WhiteFideId "3222500"]
[BlackFideId "2201925"]
[WhiteElo "2103"]
[BlackElo "2228"]
[Result "1-0"]
[Round "11"]
[TimeControl "180+1"]
[Date "2022.05.24"]
[WhiteClock "0:02:02"]
[BlackClock "0:02:04"]

1. Nf3 Nf6 2. g3 g6 3. Bg2 Bg7 4. O-O O-O 5. d3 d5 6. Nbd2 c5 7. e4 Nc6 8. Qe2 e5 9. a3 Re8 10. Rb1 h6 11. b4 cxb4 12. axb4 Bg4 13. c3 Rc8 14. h3 Bxf3 15. Nxf3 Qb6 16. Be3 Qa6 17. b5 Qa3 18. bxc6 Rxc6 19. Rxb7 dxe4 20. dxe4 Rxc3 21. Rxa7 Qb3 22. Nd2 Rd8 23. Nxb3 1-0


[Site "https://www.chess.com"]

[Event "Titled Tuesday Blitz May 24 Late 2022"]
[White "Grischuk, Alexander"]
[Black "Zhigalko, Sergei"]
[WhiteFideId "4126025"]
[BlackFideId "13502956"]
[WhiteElo "2762"]
[BlackElo "2662"]
[Result "1-0"]
[Round "11"]
[TimeControl "180+1"]
[Date "2022.05.24"]
[WhiteClock "0:00:05"]
[BlackClock "0:00:02"]

1. d4 Nf6 2. c4 e6 3. Nc3 Bb4 4. e3 O-O 5. Bd3 d5 6. a3 Bxc3+ 7. bxc3 c5 8. cxd5 exd5 9. Ne2 Re8 10. O-O Bg4 11. f3 Bh5 12. Nf4 Bg6 13. Nxg6 hxg6 14. Ra2 Nc6 15. g4 Rc8 16. Rg2 Qa5 17. Qd2 Qc7 18. h4 Na5 19. Qd1 cxd4 20. cxd4 Nc4 21. Re1 b5 22. h5 gxh5 23. g5 Nh7 24. g6 Nf8 25. gxf7+ Qxf7 26. Kh1 Rc6 27. e4 Rg6 28. Reg1 Rxg2 29. Rxg2 Ne6 30. e5 Nf4 31. Rg5 Nxd3 32. Qxd3 Rf8 33. f4 Qe7 34. f5 Rf7 35. f6 Qe6 36. Qg3 Kf8 37. Rxg7 Ke8 38. Rxf7 Kxf7 39. Qg7+ Ke8 40. Qg6+ Qf7 41. Qf5 1-0


[Site "https://www.chess.com"]

[Event "Titled Tuesday Blitz May 24 Late 2022"]
[White "Gross, Nicholas"]
[Black "Clawitter, Craig"]
[WhiteFideId "30921961"]
[BlackFideId "2023105"]
[WhiteElo "1958"]
[BlackElo "2224"]
[Result "1-0"]
[Round "11"]
[TimeControl "180+1"]
[Date "2022.05.25"]
[WhiteClock "0:00:34"]
[BlackClock "0:00:01"]

1. c4 e6 2. Nc3 d5 3. e3 Nf6 4. Nf3 c6 5. b3 Nbd7 6. Bb2 Bd6 7. Qc2 O-O 8. Be2 b6 9. Nd4 Bb7 10. f4 a6 11. Nf3 Re8 12. O-O Rc8 13. Rac1 e5 14. fxe5 Nxe5 15. cxd5 cxd5 16. Qf5 g6 17. Qg5 Ne4 18. Nxe4 dxe4 19. Qxd8 Rcxd8 20. Nd4 Bc5 21. a3 Rd7 22. b4 Bf8 23. Rf6 b5 24. Rcf1 Bg7 25. Rb6 Rde7 26. Bc3 Rc7 27. a4 Nd7 28. Rd6 Be5 29. Rxd7 Rxd7 30. axb5 axb5 31. Bxb5 Red8 32. Bxd7 Rxd7 33. Ra1 Kg7 34. Ra5 Bxd4 35. Bxd4+ Kh6 36. Kf2 1-0


[Site "https://www.chess.com"]

[Event "Titled Tuesday Blitz May 24 Late 2022"]
[White "Haas, Michael"]
[Black "Sibilio, Mario"]
[WhiteFideId "1629514"]
[BlackFideId "800422"]
[WhiteElo "1982"]
[BlackElo "2296"]
[Result "1-0"]
[Round "11"]
[TimeControl "180+1"]
[Date "2022.05.25"]
[WhiteClock "0:00:01"]
[BlackClock "0:00:01"]

1. d4 d5 2. c4 Nc6 3. cxd5 Qxd5 4. e3 e5 5. Nc3 Bb4 6. a3 Bxc3+ 7. bxc3 exd4 8. cxd4 Bf5 9. Nf3 Nge7 10. Bd3 Bxd3 11. Qxd3 f5 12. O-O O-O 13. Rb1 b6 14. Bb2 Na5 15. Rbc1 c6 16. Ne5 Ng6 17. Nxg6 hxg6 18. Bc3 Nb7 19. Qc2 Rf6 20. Qb2 Re8 21. Rfd1 f4 22. Bd2 f3 23. Bb4 Re4 24. Qc2 fxg2 25. Qc4 Nd6 26. Qxd5+ cxd5 27. Rc7 a5 28. Bxd6 Rxd6 29. Rdc1 b5 30. Rc8+ Kf7 31. R1c5 1-0


[Site "https://www.chess.com"]

[Event "Titled Tuesday Blitz May 24 Late 2022"]
[White "Hasangatin, Ramil"]
[Black "Bernal Moro, Luis Javier"]
[WhiteFideId "4122160"]
[BlackFideId "2200236"]
[WhiteElo "2399"]
[BlackElo "2373"]
[Result "1-0"]
[Round "11"]
[TimeControl "180+1"]
[Date "2022.05.24"]
[WhiteClock "0:01:17"]
[BlackClock "0:00:02"]

1. e4 c5 2. Nf3 e6 3. g3 Nc6 4. Bg2 Nf6 5. d3 Be7 6. O-O O-O 7. Re1 e5 8. c3 Re8 9. d4 cxd4 10. cxd4 exd4 11. Nxd4 Bb4 12. Nc3 d5 13. Nxc6 bxc6 14. exd5 Rxe1+ 15. Qxe1 cxd5 16. Bd2 Be6 17. Nxd5 Bxd5 18. Bxb4 Bxg2 19. Kxg2 Qd5+ 20. Kg1 Re8 21. Qd2 Qh5 22. Re1 Rxe1+ 23. Qxe1 h6 24. Bc3 Qd5 25. Qe5 Qd1+ 26. Kg2 Kh7 27. Qf5+ Kg8 28. a3 Qd6 29. Bxf6 gxf6 30. Qe4 Qb6 31. b4 Kg7 32. a4 a6 33. h4 Kf8 34. Qc4 Ke7 35. Kf3 Qd6 36. Ke3 Qb6+ 37. Qc5+ Qxc5+ 38. bxc5 Kd7 39. Kd4 Kc6 40. g4 a5 41. Kc4 1-0


[Site "https://www.chess.com"]

[Event "Titled Tuesday Blitz May 24 Late 2022"]
[White "Huber, Benedikt"]
[Black "Dobre, Claudiu-Cristian"]
[WhiteFideId "12923583"]
[BlackFideId "1211854"]
[WhiteElo "1979"]
[BlackElo "2207"]
[Result "1-0"]
[Round "11"]
[TimeControl "180+1"]
[Date "2022.05.25"]
[WhiteClock "0:00:08"]
[BlackClock "0:00:11"]

1. d4 d5 2. Bf4 Nf6 3. e3 e6 4. Nf3 c5 5. c3 Nc6 6. Nbd2 Bd6 7. Bg3 b6 8. Bd3 cxd4 9. exd4 O-O 10. Qe2 Qc7 11. O-O Bxg3 12. hxg3 Re8 13. Rfe1 a5 14. Ne5 Nxe5 15. dxe5 Nd7 16. Qh5 g6 17. Qg5 Ba6 18. Bxa6 Rxa6 19. Nf3 b5 20. Nh2 Qd8 21. Qh6 f5 22. exf6 Nxf6 23. Nf3 Ne4 24. Qf4 Rf8 25. Qe5 Qd6 26. Qd4 Qb6 27. Rad1 b4 28. Re3 bxc3 29. bxc3 Qxd4 30. Nxd4 Nxf2 31. Rb1 Ne4 32. c4 Nd2 33. Rb7 Nxc4 34. Rxe6 Rxe6 35. Nxe6 Rf6 36. Rg7+ Kh8 37. Re7 h6 38. Nf4 Rd6 39. Kf2 d4 40. Ke2 Nb2 41. Kd2 d3 42. Rc7 g5 43. Nh5 Kg8 44. g4 Kf8 45. Ng3 Rd4 46. Nf5 Rxg4 47. Rc8+ Kf7 48. Nxh6+ Ke6 49. Nxg4 Kf5 50. Nf2 1-0


[Site "https://www.chess.com"]

[Event "Titled Tuesday Blitz May 24 Late 2022"]
[White "Jarocka, Liwia"]
[Black "Colivet Gamboa, Julio Cesar"]
[WhiteFideId "21807558"]
[BlackFideId "3949583"]
[WhiteElo "1887"]
[BlackElo "1743"]
[Result "1-0"]
[Round "11"]
[TimeControl "180+1"]
[Date "2022.05.25"]
[WhiteClock "0:02:24"]
[BlackClock "0:02:00"]

1. Nf3 c5 2. e4 Nc6 3. Bb5 g6 4. O-O Bg7 5. c3 Nf6 6. e5 Nd5 7. d4 cxd4 8. cxd4 O-O 9. Nc3 Nxc3 10. bxc3 d6 11. Bxc6 bxc6 12. Re1 Rb8 13. h3 Qa5 14. Bd2 Be6 15. Ng5 Bc4 16. exd6 exd6 17. Ne4 Rfd8 18. Bg5 Rd7 19. Qd2 Rdb7 20. Nxd6 Rb2 21. Nxc4 1-0


[Site "https://www.chess.com"]

[Event "Titled Tuesday Blitz May 24 Late 2022"]
[White "Kamsky, Gata"]
[Black "Dubov, Daniil"]
[WhiteFideId "2000024"]
[BlackFideId "24126055"]
[WhiteElo "2645"]
[BlackElo "2791"]
[Result "1/2-1/2"]
[Round "11"]
[TimeControl "180+1"]
[Date "2022.05.24"]
[WhiteClock "0:00:01"]
[BlackClock "0:00:02"]

1. d4 Nf6 2. Nf3 g6 3. Bg5 Bg7 4. c3 O-O 5. Nbd2 d5 6. e3 Nbd7 7. Be2 Re8 8. O-O e5 9. b4 Qe7 10. b5 h6 11. Bh4 e4 12. Ne1 c5 13. bxc6 bxc6 14. Nc2 Nb6 15. a4 g5 16. Bg3 h5 17. a5 Nbd7 18. Bxh5 Nxh5 19. Qxh5 Ba6 20. Rfe1 c5 21. h4 Bd3 22. Rec1 gxh4 23. Bxh4 Qe6 24. dxc5 Bxc2 25. Rxc2 Nxc5 26. Rb1 Qc6 27. Bg3 Nd3 28. c4 d4 29. exd4 Bxd4 30. Rb5 e3 31. Rg5+ Kf8 32. fxe3 Bxe3+ 33. Kh2 Bxg5 34. Qxg5 Qg6 35. Qxg6 fxg6 36. Nf3 Rac8 37. c5 Kg7 38. Bd6 Nb4 39. Rb2 Nc6 40. Rb7+ Kf6 41. a6 Ke6 42. Kg3 Kd5 43. Kf4 Re4+ 44. Kg5 Ra4 45. g4 Rxa6 46. Kxg6 Rg8+ 47. Kf5 Ra3 48. Ng5 Nd4+ 49. Kf6 Ra1 50. Nh3 Rf1+ 51. Nf4+ Kc6 52. Rxa7 Rxg4 53. Ra6+ Kb5 54. Rb6+ Kc4 55. c6 Rgxf4+ 56. Bxf4 Rxf4+ 57. Ke5 Rf5+ 58. Ke4 Rc5 59. Ra6 Nxc6 60. Ra4+ Nb4 61. Ra1 Nd5 62. Rc1+ Nc3+ 63. Kf4 Rd5 64. Ra1 Rd4+ 65. Kf5 Rd3 66. Ke6 Kd4 67. Kf6 Ke3 68. Ke5 Rd5+ 69. Ke6 Rb5 70. Re1+ Kd4 71. Kf6 Rb6+ 72. Kf5 Nd5 73. Rd1+ Kc4 74. Ke5 Ne3 75. Rd4+ Kc3 76. Rd8 Rb5+ 77. Ke4 Nc4 78. Rc8 Re5+ 79. Kf4 Re7 80. Kf3 Kd4 81. Rd8+ Ke5 82. Rc8 Rf7+ 83. Ke2 Kd4 84. Rd8+ Ke4 85. Re8+ Ne5 86. Ke1 Ra7 87. Ke2 Ra2+ 88. Ke1 Kd4 89. Kf1 Ng4 90. Ke1 Nh2 91. Rd8+ Ke5 92. Re8+ Kf6 93. Re2 Ra1+ 94. Kf2 Ng4+ 95. Kf3 Ne5+ 96. Ke4 Ke6 97. Kd4 Ra5 98. Kc3 Kd5 99. Rd2+ Kc5 100. Rd8 Ra3+ 101. Kd2 Nc4+ 102. Ke2 Re3+ 103. Kf2 Re4 104. Kf3 Rh4 105. Ke2 Nd6 106. Ra8 Re4+ 107. Kd3 Re6 108. Rd8 Nb5 109. Rd7 Nd6 1/2-1/2


[Site "https://www.chess.com"]

[Event "Titled Tuesday Blitz May 24 Late 2022"]
[White "Karttunen, Mika"]
[Black "Sargsyan, Anna M."]
[WhiteFideId "502081"]
[BlackFideId "13308130"]
[WhiteElo "2343"]
[BlackElo "2271"]
[Result "0-1"]
[Round "11"]
[TimeControl "180+1"]
[Date "2022.05.24"]
[WhiteClock "0:00:33"]
[BlackClock "0:00:33"]

1. d4 d5 2. c4 c6 3. Nf3 Nf6 4. Nc3 dxc4 5. e4 b5 6. e5 Nd5 7. Ng5 e6 8. Nge4 Be7 9. h4 Bb7 10. Bg5 O-O 11. Bxe7 Qxe7 12. Qh5 f6 13. Nxd5 exd5 14. Nd6 Nd7 15. f4 fxe5 16. fxe5 Nf6 17. Qg5 h6 18. Qg6 Ne4 19. Nxe4 dxe4 20. Qxe4 Qb4+ 21. Kd1 Qxb2 22. Rb1 Qxa2 23. e6 Rae8 24. Be2 c5 25. d5 Bxd5 26. Qxd5 Qxb1+ 27. Kd2 Qf5 28. Qxf5 Rxf5 29. Bg4 Rf4 30. Bh3 g5 31. hxg5 hxg5 32. g3 Rd4+ 33. Ke3 g4 0-1


[Site "https://www.chess.com"]

[Event "Titled Tuesday Blitz May 24 Late 2022"]
[White "Keymer, Vincent"]
[Black "Hansen, Eric"]
[WhiteFideId "12940690"]
[BlackFideId "2606771"]
[WhiteElo "2548"]
[BlackElo "2568"]
[Result "1-0"]
[Round "11"]
[TimeControl "180+1"]
[Date "2022.05.24"]
[WhiteClock "0:00:05"]
[BlackClock "0:00:04"]

1. Nf3 d5 2. e3 Bg4 3. c4 e6 4. cxd5 exd5 5. Qb3 Bc8 6. Nc3 Nf6 7. d4 c6 8. Bd3 Bd6 9. O-O O-O 10. a3 Re8 11. Qc2 Qe7 12. Nd2 Ng4 13. h3 Nh2 14. Re1 Qg5 15. Kh1 Qh4 16. Kg1 Re6 17. Nf1 Nxf1 18. Rxf1 Rf6 19. e4 Bxh3 20. e5 Bg4 21. f3 Bc7 22. Bxh7+ Qxh7 23. Qxh7+ Kxh7 24. exf6 Be6 25. fxg7 Kxg7 26. Be3 Nd7 27. Kf2 b5 28. Rae1 Nb6 29. Rh1 a5 30. Bh6+ Kg8 31. Rh4 b4 32. Bg5 bxc3 33. Bf6 1-0


[Site "https://www.chess.com"]

[Event "Titled Tuesday Blitz May 24 Late 2022"]
[White "Kim, Sergey"]
[Black "Boder, Jan"]
[WhiteFideId "13700570"]
[BlackFideId "16243226"]
[WhiteElo "2540"]
[BlackElo "2064"]
[Result "1-0"]
[Round "11"]
[TimeControl "180+1"]
[Date "2022.05.24"]
[WhiteClock "0:01:12"]
[BlackClock "0:00:31"]

1. d4 Nf6 2. c4 c5 3. d5 b5 4. cxb5 a6 5. b6 g6 6. Nc3 Bg7 7. e4 d6 8. Nf3 O-O 9. Be2 a5 10. a4 Nfd7 11. O-O Nxb6 12. Nd2 Ba6 13. Ra3 Bxe2 14. Qxe2 Na6 15. Nb5 Nb4 16. Nc4 Nxc4 17. Qxc4 Qd7 18. Rh3 f5 19. Bh6 fxe4 20. Bxg7 Kxg7 21. Qxe4 Rf5 22. Nc3 Re5 23. Qf4 g5 24. Qd2 Rf8 25. Rg3 h6 26. h4 Qf5 27. hxg5 hxg5 28. f4 g4 29. Qd1 Rxd5 30. Nxd5 Nxd5 31. Rxg4+ Kf7 32. Rg5 Qf6 33. Qxd5+ 1-0


[Site "https://www.chess.com"]

[Event "Titled Tuesday Blitz May 24 Late 2022"]
[White "Kopczynski, Michal"]
[Black "Jeet, Jain"]
[WhiteFideId "1124200"]
[BlackFideId "5073022"]
[WhiteElo "2235"]
[BlackElo "2028"]
[Result "0-1"]
[Round "11"]
[TimeControl "180+1"]
[Date "2022.05.24"]
[WhiteClock "0:00:20"]
[BlackClock "0:01:00"]

1. e4 d6 2. d4 Nc6 3. Nc3 g6 4. Be3 Bg7 5. Qd2 e5 6. d5 Nd4 7. O-O-O Ne7 8. Nge2 Nxe2+ 9. Bxe2 f5 10. f3 O-O 11. h4 f4 12. Bf2 h5 13. g3 Bh6 14. gxf4 Bxf4 15. Be3 Bd7 16. Rhg1 Kh7 17. Bxf4 Rxf4 18. Rdf1 Rxh4 19. f4 Rxf4 20. Rxf4 exf4 21. Qxf4 Qf8 22. Qh4 Ng8 23. Kb1 Qf6 24. Qh2 Nh6 25. a3 Re8 26. Bd3 Ng4 27. e5 Rxe5 28. Qd2 Bf5 29. Bxf5 Rxf5 30. Ne4 Qe5 31. Re1 Qxd5 32. Qc3 Re5 33. Qxc7+ Kh6 0-1


[Site "https://www.chess.com"]